 Dungeon Crawl Stone Soup version 0.29-a0-887-gcbe080d7e0 (webtiles) character file.

Game seed: 14694630794225013871

470 Spectrina the Insei (level 6, 0/52 HPs)
             Began as a Draconian Monk on July 21, 2022.
             Was an Elder of Sif Muna.
             Splashed by a jelly's acid (10 damage)
             ... on level 5 of the Dungeon.
             The game lasted 00:25:44 (2237 turns).

Spectrina the Insei (Draconian Monk)                Turns: 2237, Time: 00:25:44

Health: 0/52       AC:  2    Str: 19    XL:     6   Next: 82%
Magic:  8/8        EV: 21    Int: 13    God:    Sif Muna [****..]
Gold:   180        SH:  0    Dex: 18    Spells: 4/8 levels left

rFire   . . .      SeeInvis .     - Unarmed
rCold   . . .      Faith    .   (shield currently unavailable)
rNeg    . . .      Spirit   .   (body armour unavailable)
rPois   x          Reflect  .   (helmet currently unavailable)
rElec   .          Harm     .   (cloak currently unavailable)
rCorr   .          Rampage  .   (gloves currently unavailable)
Will    .....                   (boots currently unavailable)
Stlth   ++........              (no amulet)
HPRegen 0.17/turn               f - ring of wizardry
MPRegen 0.11/turn               p - +6 ring of strength

@: spider-form (expiring)
A: venomous fangs, AC +6, tiny, unfitting armour, (cold-blooded)
a: End Transformation, Renounce Religion, Channel Magic, Forget Spell, Divine
Exegesis


You were on level 5 of the Dungeon.
You worshipped Sif Muna.
Sif Muna was greatly pleased with you.
You were a venomous arachnid creature.
You visited 1 branch of the dungeon, and saw 6 of its levels.

You collected 180 gold pieces.

Inventory:

Hand Weapons
 d - a +0 quarterstaff
 m - a +0 sling
 n - a +2 short sword of draining
Jewellery
 f - a ring of wizardry (left front leg)
 i - a ring of protection from fire
 j - a ring of protection from fire
 p - a +6 ring of strength (right front leg)
Wands
 r - a wand of polymorph (6)
Scrolls
 b - 3 scrolls of butterflies {unknown}
 c - a scroll of immolation {unknown}
 g - 3 scrolls of teleportation {unknown}
 q - a scroll of magic mapping {unknown}
Potions
 e - a potion of attraction {unknown}
 h - 2 potions of flight
 k - a potion of heal wounds
 l - a potion of haste


   Skills:
 + Level 4.1 Fighting
 + Level 3.5 Dodging
 + Level 3.0 Stealth
 * Level 4.7 Unarmed Combat
 + Level 1.5 Spellcasting
 * Level 2.9 Transmutations
 + Level 2.2 Invocations


You had 4 spell levels left.
You knew the following spells:

 Your Spells              Type           Power      Damage    Failure   Level
a - Beastly Appendage     Tmut           16%        N/A       9%          1
s - Spider Form           Tmut/Pois      4%         N/A       32%         3

Your spell library contained the following spells:

 Spells                   Type           Power      Damage    Failure   Level
 Wereblood                Tmut           8%         N/A       12%         2
 Leda's Liquefaction      Hex/Erth       0%         N/A       82%         4
 Lee's Rapid Deconstruct  Erth           0%         3d5*      98%         5
 Statue Form              Tmut/Erth      2%         N/A       100%        6


Dungeon Overview and Level Annotations

Branches:
Dungeon (6/15)
 Temple: D:4-7

Altars:
Gozag
Sif Muna

Annotations:
D:3 Ijyb


Innate Abilities, Weirdness & Mutations

You are a venomous arachnid creature.
You have poisonous fangs.
You are tiny and dextrous.
Your spellcasting is less reliable in this form.
Your armour is entirely melded.
You are incapable of wielding weapons or throwing items.
((Your plain brown scales are hard. (AC +6)))
You cannot fit into any form of body armour.
((You are cold-blooded and may be slowed by cold attacks.))


Message History

Unknown command.
You punch the orc wizard!
You kill the orc wizard!
Sif Muna accepts your kill.
Your Stealth skill increases to level 3!
Unknown command.
Okay, then.
Casting: Beastly Appendage (safe; 3% risk of failure)
Confirm with . or Enter, or press ? or * to list all spells.
Your horns disappear.
Your talons disappear.
You turn into a venomous arachnid creature.
The iguana completely misses you.
You are confused.
You feel invigorated. The iguana completely misses you.
Unknown command.
Unknown command.
You barely miss the iguana. The iguana misses you.
You hit the iguana.
The iguana is poisoned.
The iguana is moderately wounded.
Your transformation is almost over.
You hit the iguana but do no damage.
The iguana looks as sick as possible!
The iguana is moderately wounded.
The iguana closely misses you.
You bite the iguana!
You kill the iguana!
Sif Muna accepts your kill.
You feel less invigorated.
You feel less confused.
You hit the jelly.
Your front legs burn!
The jelly is lightly wounded.
The jelly hits you.
You are splashed with acid!
Unknown command.
The jelly quivers.
You hit the jelly.
Your front legs burn!
* * * LOW HITPOINT WARNING * * *
The jelly is heavily wounded.
The jelly hits you.
* * * LOW HITPOINT WARNING * * *
You are splashed with acid!
You die...

#.###........ #.#
#....J..[ ##.###..J#####
##........#..8#
#####........).)._#
#.##............)#..8# .#
#....##..........###### .#
......................##.
.#.....##s####........#..
.#.....##J# ##########.#
.......#..# #.#
..........## #####.#
.......#...# ###.....##
.......#.#.######...###...
.......>..........####....
.###.##†..........# #.....
#.##...........# #.....


You could see 2 jellies.

Vanquished Creatures
  2 scorpions
  The ghost of osoart the Insei, a weakling DgTm (D:2)
  3 hounds
  2 orc priests
  An iguana (D:5)
  2 orc wizards (D:5)
  An adder (D:5)
  2 ufetubi (D:4)
  3 dart slugs
  8 orcs
  6 ball pythons
  4 endoplasms
  5 goblins
  4 hobgoblins
  5 jackals (D:4)
  7 kobolds
  3 quokkas
  6 bats
  2 frilled lizards (D:4)
  5 rats
72 creatures vanquished.

Vanquished Creatures (others)
  A plant (D:1)
1 creature vanquished.

Grand Total: 73 creatures vanquished

Notes
Turn   | Place    | Note
-------+----------+-------------------------------------------
     0 | D:1      | Spectrina the Draconian Monk began the quest for the Orb.
     0 | D:1      | Reached XP level 1. HP: 19/19 MP: 1/1
     9 | D:1      | Found a faded altar of an unknown god.
    31 | D:1      | Prayed at the altar of an unknown god.
    31 | D:1      | Became a worshipper of Sif Muna the Loreminder
    31 | D:1      | Reached * piety under Sif Muna
    31 | D:1      | Reached ** piety under Sif Muna
   143 | D:1      | Reached *** piety under Sif Muna
   144 | D:1      | Reached XP level 2. HP: 6/26 MP: 2/2
   338 | D:1      | Learned a level 1 spell: Beastly Appendage
   589 | D:2      | Reached skill level 1 in Transmutations
   589 | D:2      | Reached XP level 3. HP: 24/31 MP: 3/3
   731 | D:3      | Noticed a phantom
  1033 | D:3      | Noticed Ijyb
  1115 | D:3      | Found a large runed translucent door.
  1115 | D:3      | Found a large runed translucent door.
  1119 | D:3      | Noticed osoart's ghost (weakling DgTm)
  1308 | D:2      | Reached skill level 1 in Invocations
  1320 | D:2      | Reached **** piety under Sif Muna
  1487 | D:2      | Killed osoart's ghost
  1488 | D:2      | Reached XP level 4. HP: 19/39 MP: 2/4
  1622 | D:5      | Entered Level 5 of the Dungeon
  1640 | D:4      | Learned a level 3 spell: Spider Form
  1736 | D:5      | Noticed a water moccasin
  1912 | D:4      | Reached XP level 5. HP: 27/46 MP: 4/6
  2013 | D:5      | Reached skill level 1 in Spellcasting
  2037 | D:6      | Reached XP level 6. HP: 31/52 MP: 1/7
  2141 | D:5      | Found an opulent altar of Gozag.
  2198 | D:5      | HP: 2/52 [poisoned by an orc]
  2237 | D:5      | Splashed by a jelly's acid

Illustrated notes

Levels and vault maps discovered:
D:1:      dpeg_arrival_arbitrary_c, layout_loops_ring,
          shapermc_ecumenical_altar_acropolis, minmay_pentomino_s4
D:2:      layout_loops_ring
D:3:      layout_loops_ring, mainiacjoe_overflow_large_starburst,
          ebering_ghost_disaster_area, st_stairs_9, uniq_ijyb
D:4:      layout_basic
D:5:      layout_rooms, grunt_gozag_breadcrumbs, grunt_dithmenos_shadows,
          item_on_display_a
D:6:      layout_cave_pools, gammafunk_ghost_nasty_kobolds, serial_gnoll_camp,
          gnoll_camp_mini_sergeant, gnoll_camp_mini_loothouse, grums_kennel,
          gnoll_camp_mini_doghouse, gnoll_camp_mini_basic, gnoll_camp_medium_02

Skill      XL: |  1  2  3  4  5  6 |
---------------+-------------------+-----
Stealth        | 2 3 |  3.0
Transmutations | 1 2 |  2.9
Invocations    | 1 2 |  2.2
Dodging        | 3 |  3.5
Unarmed Combat | 4 |  4.7
Spellcasting   | 1 |  1.5
Fighting       | 4 |  4.1

Action                   |  1- 3 |  4- 6 || total
-------------------------+-------+-------++-------
Melee: Unarmed           |   124 |    90 ||   214
       Tailslap          |    12 |     9 ||    21
       Punch             |     3 |     2 ||     5
       Kick              |    12 |    18 ||    30
       Headbutt          |     5 |     5 ||    10
 Fire: Sling             |     1 |     7 ||     8
 Cast: Beastly Appendage |    17 |    11 ||    28
       Spider Form       |       |     4 ||     4
  Use: Potion            |     1 |     3 ||     4
       Scroll            |       |     4 ||     4
 Stab: Sleeping          |     5 |     1 ||     6
Armor: Skin              |    41 |    21 ||    62
Dodge: Dodged            |    79 |    84 ||   163

Table legend: (Time is in decaauts)
 A = Elapsed time spent in this place.
 B = Non-inter-level travel time spent in this place.
 C = Inter-level travel time spent in this place.
 D = Time resting spent in this place.
 E = Time spent auto-exploring this place.
 F = Levels seen in this place.
 G = Mean time per level.
                   A        B        C        D        E       F      G
               +--------+--------+--------+--------+--------+-----+--------+
         Total |   2244 |   2027 |    217 |      0 |      0 |   6 |  374.0 |
       Dungeon |   2244 |   2027 |    217 |      0 |      0 |   6 |  374.0 |
               +--------+--------+--------+--------+--------+-----+--------+

Top non-repeatable levels by time:
     D:4: 746 daAuts
     D:1: 495 daAuts
     D:2: 451 daAuts
     D:3: 290 daAuts
     D:5: 238 daAuts
     D:6: 23 daAuts
